 Dungeon Crawl Stone Soup version 0.22-a0-414-gacd343e (webtiles) character file.

682 Mgcat the Caller (level 7, -2/46 HPs)
             Began as a Merfolk Summoner on May 13, 2018.
             Was a Follower of Sif Muna.
             Engulfed by a water moccasin's steam (9 damage)
             ... on level 7 of the Dungeon.
             The game lasted 00:18:48 (7118 turns).

Mgcat the Caller (Merfolk Summoner)                 Turns: 7118, Time: 00:18:48

Health: -2/46      AC:  3    Str:  8    XL:     7   Next: 61%
Magic:  7/14       EV: 14    Int: 17    God:    Sif Muna [*.....]
Gold:   227        SH:  0    Dex: 14    Spells: 6/16 levels left

rFire    . . .     SeeInvis .   z - +0 spear
rCold    . . .     Gourm    .   (no shield)
rNeg     . . .     Faith    .   t - +0 robe (curse)
rPois    .         Spirit   .   (no helmet)
rElec    .         Reflect  .   n - scarf {repulsion}
rCorr    .         Harm     .   q - +0 pair of gloves
MR       +....                  (no boots)
Stlth    ++........             f - amulet of regeneration {+regen, !d}
HPRegen  0.55/turn              o - +1 ring of evasion
MPRegen  0.14/turn              s - ring of protection from magic {MR+, !d}

@: repel missiles
A: change form in water, swift swim, stealthy swim
a: Divine Energy, Renounce Religion


You were on level 7 of the Dungeon.
You worshipped Sif Muna.
Sif Muna was aware of your devotion.
You were hungry.

You visited 1 branch of the dungeon, and saw 7 of its levels.

You collected 227 gold pieces.

Inventory:

Hand Weapons
 z - a +0 spear (weapon)
   (You took it off a gnoll on level 5 of the Dungeon)
Armour
 a - a +0 robe
 n - a scarf of repulsion (worn)
   (You found it on level 2 of the Dungeon)
 q - a +0 pair of gloves (worn)
   (You found it on level 2 of the Dungeon)
 t - a cursed +0 robe (worn)
   (You found it on level 5 of the Dungeon)
Jewellery
 f - an amulet of regeneration (around neck) {+regen, !d}
   (You found it on level 4 of the Dungeon)
 g - an uncursed ring of protection from fire {rF+, !d}
   (You found it on level 3 of the Dungeon)
 h - an uncursed ring of poison resistance {rPois, !d}
   (You found it on level 1 of the Dungeon)
 o - a +1 ring of evasion (left hand)
   (You took it off a goblin on level 2 of the Dungeon)
 s - a ring of protection from magic (right hand) {MR+, !d}
   (You found it on level 3 of the Dungeon)
Wands
 p - a wand of polymorph (17)
   (You found it on level 5 of the Dungeon)
 u - a wand of digging (12)
   (You took it off Edmund on level 5 of the Dungeon)
Scrolls
 e - 5 scrolls of remove curse
 j - 5 scrolls of teleportation
 l - a scroll of identify
Potions
 b - 2 potions of berserk rage {unknown}
 d - a potion of haste {unknown}
 i - 2 potions of flight {unknown}
 k - 2 potions of brilliance {unknown}
 m - a potion of invisibility {unknown}
 r - a potion of might {unknown}
 v - a potion of mutation {unknown}
 w - a potion of cancellation {unknown}
 x - a potion of lignification {unknown}
Comestibles
 c - 9 rations


   Skills:
 - Level 2.6 Dodging
 - Level 2.7 Stealth
 + Level 5.0 Spellcasting
 + Level 6.5 Summonings
 + Level 3.3 Ice Magic


You had 6 spell levels left.
You knew the following spells:

 Your Spells              Type           Power        Failure   Level  Hunger
a - Summon Small Mammal   Summ           ####         1%          1    None
b - Call Imp              Summ           ####....     1%          2    #......
c - Call Canine Familiar  Summ           ####....     3%          3    ###....
d - Summon Ice Beast      Ice/Summ       ###.....     19%         4    ####...

Your spell library contained the following spells:

 Spells                   Type           Power        Failure   Level  Hunger
 Summon Lightning Spire   Summ/Air       ###.....     36%         4    ####...
 Summon Guardian Golem    Hex/Summ       ###.....     11%         3    ###....


Dungeon Overview and Level Annotations

Branches:
Dungeon (7/15)             Temple (0/1) D:6

Altars:
Gozag
Kikubaaqudgha
Makhleb
Nemelex Xobeh
Sif Muna
Uskayaw
Yredelemnul
Zin


Message History

The orc closely misses your hound.
Your hound bites the orc.
Casting: Summon Small Mammal (safe; 1% risk of failure)
Confirm with . or Enter, or press ? or * to list all spells.
The orc hits your hound with a dagger.
Your hound closely misses the orc.
Your hound bites the orc.
The orc dies!
Sif Muna accepts your kill.
You swap places.
Unknown command.
You swap places.
You swap places.
You see here a dagger.
Found an opulent altar of Gozag.
Your quokka disappears in a puff of smoke!
Your quokka disappears in a puff of smoke!
Done exploring.
Done exploring.
Done exploring.
Done exploring.
Done exploring.
Done exploring.
Done exploring.
Done exploring.
Done exploring.
(D) Dungeon (T) Temple
Where to? (Enter - D:6, ? - help)
What level of the Dungeon? (default 1, ? - help)
You swap places.
There is a stone staircase leading down here.
You climb downwards.
Your summoned ally is left behind.
There is a stone staircase leading up here.
You open the door.
There is an open door here.
You now have 227 gold pieces (gained 11).
Key pressed, stopping explore.
Found an ancient bone altar of Kikubaaqudgha.
A steam dragon comes into view.
Casting: Summon Small Mammal (safe; 1% risk of failure)
Confirm with . or Enter, or press ? or * to list all spells.
You are feeling hungry.
Casting: Call Canine Familiar (safe; 3% risk of failure)
Confirm with . or Enter, or press ? or * to list all spells.
Casting: Summon Small Mammal (safe; 1% risk of failure)
Confirm with . or Enter, or press ? or * to list all spells.
Your hound bites the steam dragon.
Your hound bites the steam dragon but does no damage.
Casting: Summon Small Mammal (safe; 1% risk of failure)
Confirm with . or Enter, or press ? or * to list all spells.
Your hound bites the steam dragon.
The steam dragon breathes steam at you. The ball of steam hits you!
You are engulfed in a cloud of scalding steam.
Your quokka is engulfed in a cloud of scalding steam.
Your quokka dies!
Your quokka's corpse disappears in a puff of smoke!
Your hound is engulfed in a cloud of scalding steam.
Your bat hits the steam dragon but does no damage.
Casting: Summon Small Mammal (safe; 1% risk of failure)
Confirm with . or Enter, or press ? or * to list all spells.
Your bat hits the steam dragon but does no damage.
Your hound bites the steam dragon.
Your bat is engulfed in a cloud of scalding steam.
Your bat barely misses the steam dragon.
The steam dragon bites your hound!
Your hound dies!
Your hound's corpse disappears in a puff of smoke!
Your bat is engulfed in a cloud of scalding steam.
Your bat hits the steam dragon but does no damage. x2
The steam dragon closely misses your bat.
The steam dragon barely misses your bat.
Casting: Summon Small Mammal (safe; 1% risk of failure)
Confirm with . or Enter, or press ? or * to list all spells.
A beastly little devil appears in a puff of frigid air.
Your bat hits the steam dragon but does no damage.
Your rat bites the steam dragon but does no damage.
A phantom comes into view.
Your bat hits the steam dragon but does no damage.
The steam dragon bites you but does no damage.
The steam dragon closely misses you.
Your rat bites the steam dragon.
A howler monkey skeleton comes into view.
You swap places.
Your bat hits the steam dragon but does no damage.
The steam dragon breathes steam at you. The ball of steam hits your white imp.
Your white imp dies!
The ball of steam hits you!
* * * LOW HITPOINT WARNING * * *
Your rat barely misses the steam dragon.
The phantom blinks!
Evoke which item? (* to show all) (? for menu, Esc to quit)
Okay, then.
Unknown command.
Unknown command.
Evoke which item? (* to show all) (? for menu, Esc to quit)
Aiming: Polymorph
Press: ? - help, Shift-Dir - straight line, f - steam dragon
Aim: a steam dragon (moderately wounded, catching its breath, chance to defeat MR: 46%)
The steam dragon evaporates and reforms as a water moccasin!
You are engulfed in a cloud of scalding steam.
You die...

##.....##
#.....##..#
##.<.##
#..#####..#
##+## #..#
#..# #
#..#####..#
#.###
#..........
##....#
#.#########
Z...... #.#
...b...#####.#
..._..S§@§§..#
.....r.#######
.W.....
?######


You could see a phantom, a water moccasin, a friendly bat and a friendly rat.

Vanquished Creatures
  The ghost of Mgcat the Poker, an amateur MfHu of Okawaru (D:4)
  A hound (D:4)
  2 iguanas
  2 shadow imps
  An ooze (D:3)
  2 leopard geckos
  An orc (D:5)
  A ball python (D:2)
  2 giant cockroaches
  4 hobgoblins
  2 quokkas
  2 bats
  2 frilled lizards (D:3)
  3 leopard gecko skeletons (D:4)
  A quokka skeleton (D:6)
  3 rats (D:1)
30 creatures vanquished.

Vanquished Creatures (collateral kills)
  Edmund (D:5)
  An ogre (D:5)
  A bullfrog (D:5)
  A howler monkey (D:6)
  A crimson imp (D:5)
  A bullfrog zombie (D:5)
  3 hounds (D:4)
  An orc wizard (D:5)
  A jelly (D:5)
  Ijyb (D:4)
  Terence (D:3)
  2 iguanas
  A worker ant (D:5)
  4 gnolls (D:5)
  7 adders
  An adder skeleton (D:4)
  A worm (D:6)
  3 dart slugs
  3 leopard geckos
  9 orcs
  A ball python (D:1)
  2 giant cockroaches
  5 goblins
  2 hobgoblins
  8 jackals
  3 kobolds
  2 bats
  5 frilled lizards
  A quokka skeleton (D:5)
  5 rats
  A spectral orc (D:6)
79 creatures vanquished.

Grand Total: 109 creatures vanquished

Notes
Turn   | Place    | Note
-------+----------+-------------------------------------------
     0 | D:1      | Mgcat the Merfolk Summoner began the quest for the Orb.
     0 | D:1      | Reached XP level 1. HP: 13/13 MP: 3/3
   480 | D:1      | HP: 2/13 [hobgoblin/club (3)]
   482 | D:1      | Reached XP level 2. HP: 3/19 MP: 5/5
   782 | D:1      | Learned a level 2 spell: Call Imp
  1491 | D:2      | HP: 4/19 [kobold/club (4)]
  1887 | D:2      | Found a sparkling altar of Nemelex Xobeh.
  2217 | D:3      | Reached XP level 3. HP: 24/24 MP: 2/6
  2222 | D:3      | Learned a level 3 spell: Call Canine Familiar
  2934 | D:3      | Noticed Terence
  2948 | D:3      | Killed Terence
  2952 | D:3      | HP: 6/24 [leopard gecko (2)]
  2954 | D:3      | Reached XP level 4. HP: 5/30 MP: 1/8
  3229 | D:3      | Reached skill level 3 in Spellcasting
  3660 | D:4      | Noticed Mgcat's ghost (amateur MfHu)
  3687 | D:4      | HP: 6/30 [Mgcat's ghost (2)]
  3698 | D:4      | Killed Mgcat's ghost
  3698 | D:4      | Reached skill level 5 in Summonings
  3698 | D:4      | Reached XP level 5. HP: 25/35 MP: 1/10
  3877 | D:4      | Reached skill level 4 in Spellcasting
  3884 | D:4      | Learned a level 4 spell: Summon Ice Beast
  3906 | D:4      | Reached XP level 6. HP: 41/41 MP: 6/12
  3980 | D:4      | Found a hide-covered altar of Uskayaw.
  3980 | D:4      | Found a glowing silver altar of Zin.
  4112 | D:4      | Noticed Ijyb
  4164 | D:4      | Killed Ijyb
  4164 | D:4      | Reached skill level 1 in Ice Magic
  4547 | D:4      | Found a deep blue altar of Sif Muna.
  4578 | D:4      | Became a worshipper of Sif Muna the Loreminder
  4677 | D:5      | Entered Level 5 of the Dungeon
  4952 | D:5      | Reached skill level 6 in Summonings
  4952 | D:5      | Reached skill level 2 in Ice Magic
  5175 | D:5      | Reached XP level 7. HP: 46/46 MP: 7/13
  5223 | D:5      | Found a burning altar of Makhleb.
  5745 | D:5      | Noticed Edmund
  5778 | D:5      | Killed Edmund
  5778 | D:5      | Reached skill level 3 in Ice Magic
  6396 | D:6      | Found a staircase to the Ecumenical Temple.
  6515 | D:6      | Reached * piety under Sif Muna
  6561 | D:6      | Found an opulent altar of Gozag.
  6626 | D:6      | Reached skill level 5 in Spellcasting
  6702 | D:6      | Found a basalt altar of Yredelemnul.
  6942 | D:6      | Found an opulent altar of Gozag.
  7099 | D:7      | Found an ancient bone altar of Kikubaaqudgha.
  7102 | D:7      | Noticed a steam dragon
  7117 | D:7      | HP: 7/46 [steam dragon/ball of steam (16)]
  7118 | D:7      | a steam dragon changed into a water moccasin
  7118 | D:7      | Engulfed by a water moccasin's steam

Vault maps used:
D:1:      dpeg_arrival_shrine
D:2:      nemelex_diamond_rough_becter
D:3:      kennysheep_six_static_rooms, first_ration, kennysheep_generic_room_13,
          uniq_terence
D:4:      chequers_temple_overflow_statue_of_worship, lemuel_blue_sif_altar,
          uniq_ijyb
D:5:      makhleb_grotto_becter, uniq_edmund
D:6:      yredelemnul_forgotten_temple_becter, temple_statues, basic_altar,
          nicolae_gozag_cash_rules_everything_around_me
D:7:      basic_altar, the_bakery, solitary_fountain

Skill      XL: |  1  2  3  4  5  6  7 |
---------------+----------------------+-----
Spellcasting   | 3 4 5 |  5.0
Summonings     | 5 6 |  6.5
Ice Magic      | 2 3 |  3.3
Dodging        | |  2.6
Stealth        | |  2.7

Action                   |  1- 3 |  4- 6 |  7- 9 || total
-------------------------+-------+-------+-------++-------
Melee: Club              |    62 |     9 |       ||    71
       Unarmed           |     5 |       |       ||     5
       Mace              |       |    59 |    15 ||    74
       Spear             |       |       |    30 ||    30
       Flail             |       |       |     1 ||     1
 Cast: Summon Small Mamm |    23 |    20 |    39 ||    82
       Call Imp          |    28 |    16 |     8 ||    52
       Call Canine Famil |    10 |    17 |    18 ||    45
Evoke: Wand              |       |       |     1 ||     1
  Use: Scroll            |     4 |     2 |     1 ||     7
       Potion            |       |     2 |       ||     2
 Stab: Sleeping          |     3 |     1 |       ||     4
  Eat: Chunk             |     9 |     9 |     4 ||    22
       Ration            |       |       |     1 ||     1
Armor: Robe              |     9 |    19 |    11 ||    39
Dodge: Dodged            |    80 |    62 |    52 ||   194
       Deflected         |       |       |     1 ||     1

Table legend:
 A = Spawn XP
 B = Non-spawn XP
 C = Spawn XP percentage of total XP
 D = Spawn monster count
 E = Non-spawn monster count
 F = Spawn count percentage of total count
 G = Total turns spent on level
                    A         B        C        D         E        F      G
               +---------+---------+-------+---------+---------+-------+---------
         Total |       0 |     975 |   0.0 |       0 |     109 |   0.0 |  7118
               +---------+---------+-------+---------+---------+-------+---------
           D:1 |       0 |      22 |   0.0 |       0 |      18 |   0.0 |  1446
           D:2 |       0 |      10 |   0.0 |       0 |       8 |   0.0 |   751
           D:3 |       0 |      62 |   0.0 |       0 |      24 |   0.0 |  1461
           D:4 |       0 |     354 |   0.0 |       0 |      18 |   0.0 |  1084
           D:5 |       0 |     430 |   0.0 |       0 |      29 |   0.0 |  1515
           D:6 |       0 |      97 |   0.0 |       0 |      12 |   0.0 |   773
               +---------+---------+-------+---------+---------+-------+---------

Vault maps used:
D:1:      dpeg_arrival_shrine
D:2:      nemelex_diamond_rough_becter
D:3:      kennysheep_six_static_rooms, first_ration, kennysheep_generic_room_13,
          uniq_terence
D:4:      chequers_temple_overflow_statue_of_worship, lemuel_blue_sif_altar,
          uniq_ijyb
D:5:      makhleb_grotto_becter, uniq_edmund
D:6:      yredelemnul_forgotten_temple_becter, temple_statues, basic_altar,
          nicolae_gozag_cash_rules_everything_around_me
D:7:      basic_altar, the_bakery, solitary_fountain

Table legend:
 A = Turns spent in this place as a percentage of turns spent in the entire game.
 B = Non-inter-level travel turns spent in this place as a percentage of non-inter-level travel turns spent in the entire game.
 C = Inter-level travel turns spent in this place as a percentage of turns spent in this place.
 D = Turns resting spent in this place as a percentage of non-inter-level travel turns spent in this place.
 E = Turns spent auto-exploring this place as a percentage of non-inter-level travel turns spent in this place.
 F = Non-inter-level travel turns spent in this place divided by the number of levels of this place that you've seen.
                   A       B       C       D       E      F
               +-------+-------+-------+-------+-------+----------------------
         Total | 100.0 | 100.0 |   4.5 |   0.0 |  80.0 | 971.4
       Dungeon | 100.0 | 100.0 |   4.5 |   0.0 |  80.0 | 971.4
               +-------+-------+-------+-------+-------+----------------------

Table legend:
 A = Kills in this place as a percentage of kills in entire the game.
 B = Kills by you in this place as a percentage of kills by you in the entire game.
 C = Kills by friends in this place as a percentage of kills by friends in the entire game.
 D = Other kills in this place as a percentage of other kills in the entire game.
 E = Experience gained in this place as a percentage of experience gained in the entire game.
 F = Experience gained in this place divided by the number of levels of this place that you have seen.
                   A       B       C       D       E      F
               +-------+-------+-------+-------+-------+----------------------
         Total | 100.0 | 100.0 | 100.0 |   N/A | 100.0 | 139.3
       Dungeon | 100.0 | 100.0 | 100.0 |   N/A | 100.0 | 139.3
               +-------+-------+-------+-------+-------+----------------------
